AoeStats
← ivcrk826

Arabia

504016655Analyzed
1v1 RM · 28d ago on Sep 3, 2026· 46m 56s· 2 players
Game mode
Random Map
Map size
Tiny (2 player)
Population
200
Speed
Normal
Resources
Standard
Victory
Conquest
Starting age
Dark Age
Ending age
Imperial Age
RankedLock teamsTeams togetherTeam positionsShared explorationLock speedFull tech treeHidden civsTurbo modeCheats
Victory
Defeat
🇦🇷 Spanish · Argentina
1140
+15
🇦🇷 Dravidians · Argentina
1121
-15
PNAL | Chino_ss
6:00 Loom
6:06 Loom
9:45 Feudal Age
11:08 Double-Bit Axe
11:14 Horse Collar
17:50 Padded Archer Armor
18:16 Fletching
22:09 Town Watch
23:00 Wheelbarrow
28:28 Castle Age
28:14 Forging
28:04 Scale Mail Armor
28:32 Elite Skirmisher
29:08 Bodkin Arrow
29:28 Leather Archer Armor
29:14 Pikeman
30:31 Iron Casting
30:12 Chain Mail Armor
32:30 Chain Mail Armor
32:57 Bow Saw
33:06 Squires
32:52 Arson
37:52 Heavy Plow
41:34 Ballistics
43:44 Imperial Age
45:35 Hand Cart
45:20 Town Patrol
45:57 Halberdier
ivcrk826
6:11 Loom
9:31 Feudal Age
9:32 Man-at-Arms
10:01 Double-Bit Axe
17:18 Fletching
19:28 Padded Archer Armor
25:43 Castle Age
24:26 Bloodlines
24:52 Scale Barding Armor
29:59 Chain Barding Armor
32:27 Husbandry
32:44 Forging
33:27 Town Watch
43:12 Imperial Age
42:55 Bow Saw
46:06 Gold Mining
47:55 Chemistry
Connection lost

Rejoining the realm…

Still unreachable

The connection could not be restored.

Session expired

The server has moved on; the page needs a fresh start.